 Dungeon Crawl Stone Soup version 0.23.0-3-gf3c87f2 (webtiles) character file.

Game seed: 3714381295318357605

96 varaam the Caller (level 4, -3/24 HPs)
             Began as a Deep Elf Summoner on Feb 22, 2019.
             Slain by Grinder (10 damage)
             ... while paralysed by Grinder
             ... on level 3 of the Dungeon on Feb 23, 2019.
             The game lasted 00:11:16 (2731 turns).

varaam the Caller (Deep Elf Summoner)               Turns: 2731, Time: 00:11:17

Health: -3/24      AC:  3    Str:  6    XL:     4   Next: 41%
Magic:  14/20      EV:  2    Int: 20    God:
Gold:   112        SH:  0    Dex: 15    Spells: 0/10 levels left

rFire    . . .     SeeInvis .   b - +0 short sword
rCold    . . .     Gourm    .   (no shield)
rNeg     . . .     Faith    .   a - +0 robe
rPois    .         Spirit   .   (no helmet)
rElec    .         Reflect  .   (no cloak)
rCorr    .         Harm     .   f - +0 pair of gloves
MR       .....                  (no boots)
Stlth    ++........             (no amulet)
HPRegen  0.08/turn              n - ring of magical power {MP+9}
MPRegen  0.17/turn              (no ring)

@: paralysed
A: no striking features
a: no special abilities


You were on level 3 of the Dungeon.
You were not hungry.

You visited 1 branch of the dungeon, and saw 3 of its levels.

You collected 112 gold pieces.

Inventory:

Hand Weapons
 b - a +0 short sword (weapon)
Missiles
 j - 25 poisoned needles
 Q - 33 stones (quivered)
Armour
 a - a +0 robe (worn)
 f - a +0 pair of gloves (worn)
Jewellery
 n - a ring of magical power (left hand) {MP+9}
Scrolls
 e - 2 scrolls of teleportation {unknown}
 g - 3 scrolls of identify {unknown}
 h - a scroll of fear {unknown}
 i - a scroll of remove curse {unknown}
 k - a scroll of immolation {unknown}
 m - a scroll of random uselessness {unknown}
 o - a scroll of enchant weapon {unknown}
 q - a scroll of enchant armour {unknown}
Potions
 d - a potion of heal wounds
 l - a potion of brilliance {unknown}
 r - a potion of degeneration {unknown}
Comestibles
 c - 6 rations
 p - 2 chunks of flesh


   Skills:
 + Level 0.2 Fighting
 - Level 2.4 Dodging
 - Level 2.4 Stealth
 - Level 3.9 Spellcasting
 + Level 6.0 Summonings
 * Level 0.5 Air Magic


You couldn't memorise any spells.
You knew the following spells:

 Your Spells              Type           Power        Failure   Level  Hunger
a - Summon Small Mammal   Summ           ####         1%          1    None
b - Call Canine Familiar  Summ           ####....     3%          3    ###....
c - Call Imp              Summ           ####....     1%          2    ##.....
d - Summon Lightning Spi  Summ/Air       ###.....     32%         4    ####...

Your spell library contained the following spells:

 Spells                   Type           Power        Failure   Level  Hunger
 Summon Guardian Golem    Hex/Summ       ###.....     12%         3    ###....
 Summon Ice Beast         Ice/Summ       ###.....     36%         4    ####...


Dungeon Overview and Level Annotations

Branches:
Dungeon (3/15)

Altars:
Hepliaklqana
Vehumet
Zin

Annotations:
D:3 Grinder


Message History

Grinder gestures at you.
Your hound resists with significant effort.
You see here a rat corpse.
What are your orders? t - Shout!
Orders for allies: a - Attack new target. p - Attack previous target. r - Retreat! s - Stop attacking. g - Guard the area. f - Follow me.
Anything else - Cancel.
Gang up on whom?
Aim: Grinder (severely wounded) Attack!
Grinder blinks!
You hit Grinder. Grinder gestures at you.
You suddenly lose the ability to move!
Grinder gestures at you. Pain shoots through your body!
* * * LOW HITPOINT WARNING * * *
Grinder hits you!
You die...

#### #....
#..# #.###
#..# #.# #
#(.# #.# #
#..# #.# #
#..# #.# #
#..# #.# #
#.5###### #.#
# #hr@..†.#
#.###
#..####.#
#.... #..# #.#
#....
########..##
#5# #####.###
........[..#
#.# #......##
########.#.#
#.# #.#......
#.#.#
#.####......##
#†#.#
#....÷.#...##
#.#.#
######...###


You could see Grinder, a friendly hound and a friendly quokka.

Levels and vault maps discovered:
D:1:      lemuel_arrival_river_bridge, layout_rooms, serial_park_tiny_1
D:2:      layout_loops_ring, overflow_temple_1_default, zin_academy,
          overflow_temple_1_default, uniq_jessica
D:3:      layout_loops_ring, portal_sewer_entry_b, kennysheep_okawaru_gauntlet,
          uniq_grinder

Notes
Turn   | Place    | Note
-------+----------+-------------------------------------------
     0 | D:1      | varaam the Deep Elf Summoner began the quest for the Orb.
     0 | D:1      | Reached XP level 1. HP: 10/10 MP: 6/6
    26 | D:1      | Identified a +0 short sword (You found it on level 1 of the
                  | Dungeon)
   121 | D:1      | Identified a +0 pair of gloves (You found it on level 1 of
                  | the Dungeon)
   388 | D:1      | Reached XP level 2. HP: 13/15 MP: 6/8
   405 | D:1      | Identified a +0 dagger
   406 | D:1      | Identified a +0 dagger
   431 | D:1      | Identified a +0 dagger
   432 | D:1      | Identified a +0 hand axe
   497 | D:1      | Identified a +0 club
   673 | D:1      | Reached skill level 5 in Summonings
   707 | D:1      | Learned a level 2 spell: Call Imp
   909 | D:2      | Identified a +0 club
   933 | D:2      | Found a hazy altar of Hepliaklqana.
  1210 | D:2      | Reached XP level 3. HP: 17/19 MP: 10/10
  1239 | D:2      | Identified a +0 club
  1556 | D:2      | Found a glowing silver altar of Zin.
  1584 | D:2      | Identified a potion of heal wounds
  1586 | D:2      | Identified a potion of haste
  1587 | D:2      | Identified a potion of berserk rage
  1600 | D:2      | HP: 4/19 [poisoned by an adder]
  1605 | D:2      | Identified a potion of curing
  1625 | D:2      | Learned a level 3 spell: Call Canine Familiar
  1748 | D:2      | Identified a +0 club
  1748 | D:2      | Identified a +0 robe
  1748 | D:2      | Noticed Jessica
  1759 | D:2      | Killed Jessica
  1900 | D:2      | Reached XP level 4. HP: 19/24 MP: 11/11
  2161 | D:2      | Found a radiant altar of Vehumet.
  2179 | D:2      | Identified a +0 dagger
  2386 | D:2      | Identified a ring of magical power (You found it on level 2
                  | of the Dungeon)
  2517 | D:2      | Learned a level 4 spell: Summon Lightning Spire
  2633 | D:3      | Noticed Grinder
  2672 | D:3      | Reached skill level 6 in Summonings
  2729 | D:3      | Paralysed by Grinder for 4 turns
  2731 | D:3      | Slain by Grinder

Table legend:
 A = Turns spent in this place as a percentage of turns spent in the entire game.
 B = Non-inter-level travel turns spent in this place as a percentage of non-inter-level travel turns spent in the entire game.
 C = Inter-level travel turns spent in this place as a percentage of turns spent in this place.
 D = Turns resting spent in this place as a percentage of non-inter-level travel turns spent in this place.
 E = Turns spent auto-exploring this place as a percentage of non-inter-level travel turns spent in this place.
 F = Non-inter-level travel turns spent in this place divided by the number of levels of this place that you've seen.
                   A       B       C       D       E      F
               +-------+-------+-------+-------+-------+----------------------
         Total | 100.0 | 100.0 |   0.8 |   3.3 |  67.3 | 903.3
       Dungeon | 100.0 | 100.0 |   0.8 |   3.3 |  67.3 | 903.3
               +-------+-------+-------+-------+-------+----------------------

Table legend:
 A = Kills in this place as a percentage of kills in entire the game.
 B = Kills by you in this place as a percentage of kills by you in the entire game.
 C = Kills by friends in this place as a percentage of kills by friends in the entire game.
 D = Other kills in this place as a percentage of other kills in the entire game.
 E = Experience gained in this place as a percentage of experience gained in the entire game.
 F = Experience gained in this place divided by the number of levels of this place that you have seen.
                   A       B       C       D       E      F
               +-------+-------+-------+-------+-------+----------------------
         Total | 100.0 | 100.0 | 100.0 |   N/A | 100.0 |  46.0
       Dungeon | 100.0 | 100.0 | 100.0 |   N/A | 100.0 |  46.0
               +-------+-------+-------+-------+-------+----------------------

Skill      XL: |  1  2  3  4 |
---------------+-------------+-----
Summonings     | 5 6 |  6.0
Fighting       | |  0.2
Dodging        | |  2.4
Stealth        | |  2.4
Spellcasting   | |  3.9
Air Magic      | |  0.5

Action                   |  1- 3 |  4- 6 || total
-------------------------+-------+-------++-------
Melee: Short sword       |   153 |    29 ||   182
       Unarmed           |     1 |       ||     1
 Cast: Summon Small Mamm |    17 |    12 ||    29
       Call Canine Famil |     1 |     5 ||     6
       Call Imp          |     1 |     1 ||     2
  Use: Potion            |     4 |       ||     4
 Stab: Sleeping          |     5 |     2 ||     7
  Eat: Chunk             |     3 |     3 ||     6
Armor: Robe              |    41 |     4 ||    45
Dodge: Dodged            |   155 |    23 ||   178

Vanquished Creatures
  An adder (D:2)
  An ooze (D:2)
  A worm (D:2)
  2 dart slugs (D:2)
  A leopard gecko (D:2)
  2 giant cockroaches (D:2)
  3 goblins (D:1)
  2 hobgoblins (D:1)
  A jackal (D:2)
  5 bats
  4 frilled lizards (D:1)
  4 kobolds
  4 rats
31 creatures vanquished.

Vanquished Creatures (collateral kills)
  Jessica (D:2)
  An adder (D:2)
  2 river rats (D:3)
  A worm (D:2)
  A giant cockroach (D:1)
  2 goblins
  3 hobgoblins
  3 jackals (D:2)
  2 kobolds (D:1)
  A quokka (D:2)
  4 bats (D:1)
  2 frilled lizards (D:1)
  5 rats (D:3)
28 creatures vanquished.

Grand Total: 59 creatures vanquished
